Description

1 Base Queen Roach Nydus All In

Build Order

Get SALT Encoding   

  13  0:14  Overlord  
  17  0:50  Spawning Pool  
  20  1:20  Extractor  
  20  1:35  Extractor, Queen  
  21  1:50  Roach Warren, Zergling  
  22  2:10  Overlord  
  22  2:15  Lair  
  22  2:25  Overlord  
  32  3:15  Queen  
  32  3:20  Nydus Network  
  45  4:20  Nydus Canal  
  50  4:30  Overseer  
  55  5:05  Overlord  
Spawning Tool Build Advisor. Get it on Overwolf

Go to:

Details

  • Created by: Loonga  
  • Published on: Jul 13, 2017
  • Modified on: Jul 16, 2017
  • Patch: 3.8.0
Show
View Real Time Build Order
Export as new Build Order

Comments (0)

There are no comments. Be the first!

Create an account to comment!